 Dungeon Crawl Stone Soup version 0.27.1 (webtiles) character file.

Game seed: 17926117989663642075

120 Kold the Shield-Bearer (level 5, -4/41 HPs)
             Began as a Formicid Fighter on Sept 3, 2021.
             Splashed by Ijyb's acid (6 damage)
             ... on level 3 of the Dungeon.
             The game lasted 00:02:07 (2750 turns).

Kold the Shield-Bearer (Formicid Fighter)           Turns: 2750, Time: 00:02:07

Health: -4/41      AC:  2    Str: 22    XL:     5   Next: 25%
Magic:  5/5        EV:  8    Int:  7    God:
Gold:   130        SH: 10    Dex: 10    Spells: 4/4 levels left

rFire    . . .     SeeInvis +   a - +0 long sword
rCold    . . .     Faith    .   c - +0 kite shield
rNeg     . . .     Spirit   .   b - +0 scale mail
rPois    .         Reflect  .   (helmet unavailable)
rElec    .         Harm     .   (no cloak)
rCorr    +         Rampage  .   (no gloves)
Will     +....                  (no boots)
Stlth    ..........             (no amulet)
HPRegen  0.13/turn              e - ring of willpower
MPRegen  0.09/turn              i - ring of resist corrosion

@: corroded
A: permanent stasis, dig shafts and tunnels, antennae 3, four strong arms
a: Dig, Shaft Self


You were on level 3 of the Dungeon.
You visited 1 branch of the dungeon, and saw 3 of its levels.

You collected 130 gold pieces.

Inventory:

Hand Weapons
 a - a +0 long sword (weapon)
Armour
 b - a +0 scale mail (worn)
 c - a +0 kite shield (worn)
Jewellery
 e - a ring of willpower (left hand)
 i - a ring of resist corrosion (right hand)
Scrolls
 f - a scroll of fear {unknown}
 h - a scroll of teleportation
 j - a scroll of holy word {unknown}
 l - a scroll of summoning {unknown}
 m - a scroll of immolation
Potions
 d - a potion of might
 g - a potion of mutation {unknown}
 k - 2 potions of brilliance {unknown}


   Skills:
 - Level 3.2 Fighting
 * Level 4.3 Long Blades
 - Level 3.2 Armour
 + Level 4.8 Shields


You had 4 spell levels left.
You didn't know any spells.
Your spell library was empty.

Dungeon Overview and Level Annotations

Branches:
Dungeon (3/15)

Altars:

Annotations:
D:3 Ijyb


Innate Abilities, Weirdness & Mutations

You cannot be hasted, slowed, berserked, paralysed or teleported.
You can dig through walls and to a lower floor.
You have a pair of large antennae on your head. (SInv)
Your four strong arms can wield two-handed weapons with a shield.


Message History

You are no longer corroded.
You start resting.
HP restored.
As you read the scroll labelled AXUHUC NUXIOROOHO, it crumbles to dust.
The air around you briefly surges with heat, but it dissipates.
It was a scroll of immolation.
As you read the scroll labelled TUOHUA JUPSAI, it crumbles to dust.
You feel a strange sense of stasis.
It was a scroll of teleportation.
You start waiting.
Done waiting.
You start waiting.
Done waiting.
You start waiting.
Done waiting.
You climb downwards.
Level annotation: Ijyb
There is a stone staircase leading up here.
You block Ijyb's attack.
You hit Ijyb but do no damage.
Ijyb zaps a wand.
The bolt of acid hits you. You resist.
You are splashed with acid.
You resist.
Ijyb zaps a wand.
The bolt of acid hits you. You resist.
You are splashed with acid!
You resist.
You closely miss Ijyb. You block Ijyb's attack.
You closely miss Ijyb. Ijyb hits you but does no damage.
You hit Ijyb but do no damage. You block Ijyb's attack.
Ijyb hits you but does no damage.
You barely miss Ijyb. You block Ijyb's attack.
You hit Ijyb.
Ijyb is lightly wounded.
Ijyb barely misses you.
You riposte.
You hit Ijyb but do no damage.
Ijyb is lightly wounded.
You hit Ijyb.
Ijyb is moderately wounded.
Ijyb zaps a wand.
The bolt of acid hits you. You resist. The acid corrodes you!
You are splashed with acid.
You resist.
* * * LOW HITPOINT WARNING * * *
You block Ijyb's attack.
Ijyb zaps a wand.
The bolt of acid hits you! You resist.
* * * LOW HITPOINT WARNING * * *
You are splashed with acid.
You resist.
You die...

###...
.#...##
#.....
#....
#.#(#
#.#.## #
#.÷g.#.#
#.....#
#..@.##
#.#.##
#<.##
###.#
#.# #.#
#.# .# #


You could see Ijyb.

Vanquished Creatures
  3 adders
  4 gnolls (D:2)
  3 dart slugs (D:1)
  6 endoplasms
  3 goblins
  5 hobgoblins
  6 jackals
  2 kobolds
  2 quokkas (D:2)
  5 ball pythons
  5 frilled lizards
  4 rats
48 creatures vanquished.

Notes
Turn   | Place    | Note
-------+----------+-------------------------------------------
     0 | D:1      | Kold the Formicid Fighter began the quest for the Orb.
     0 | D:1      | Reached XP level 1. HP: 18/18 MP: 1/1
   248 | D:1      | Reached XP level 2. HP: 24/24 MP: 2/2
   802 | D:1      | Reached XP level 3. HP: 29/29 MP: 3/3
  1282 | D:2      | Reached XP level 4. HP: 12/35 MP: 4/4
  1669 | D:2      | Reached XP level 5. HP: 17/41 MP: 5/5
  2201 | D:3      | Noticed Ijyb
  2750 | D:3      | HP: 2/41 [Ijyb/bolt of acid (11)]
  2750 | D:3      | Splashed by Ijyb's acid

Illustrated notes

Levels and vault maps discovered:
D:1:      dpeg_arrival_arbitrary_c, layout_loops_ring
D:2:      layout_basic
D:3:      layout_loops_ring, bloody_trog, uniq_ijyb, uniq_terence

Skill      XL: |  1  2  3  4 |
---------------+-------------+-----
Shields        | 4 |  4.8
Long Blades    | 3 4 |  4.3
Fighting       | |  3.2
Armour         | |  3.2

Action                   |  1- 3 |  4- 6 || total
-------------------------+-------+-------++-------
Melee: Long sword        |    84 |    66 ||   150
  Use: Scroll            |       |     2 ||     2
Armor: Scale mail        |    27 |    32 ||    59
Dodge: Dodged            |    37 |    21 ||    58
Block: Kite shield       |    53 |    44 ||    97
       Rpst.: Long sword |    16 |     5 ||    21
